 Dungeon Crawl Stone Soup version 0.29.0-4-gdea44cf6ec (webtiles) character file.

Game seed: 14364233918841880766

186 qw the Ruffian (level 5, 0/41 HPs)
             Began as a Ghoul Enchanter on Sept 4, 2022.
             Slain by a gnoll
             ... wielding a +0 spear
              (5 damage)
             ... on level 3 of the Dungeon.
             The game lasted 00:01:24 (3304 turns).

qw the Ruffian (Ghoul Enchanter)                    Turns: 3304, Time: 00:01:25

Health: 0/41       AC:  6    Str: 14    XL:     5   Next: 66%
Magic:  6/6        EV:  9    Int: 10    God:
Gold:   55         SH:  0    Dex:  9    Spells: 7/7 levels left

rFire   . . .      SeeInvis .     - Unarmed
rCold   + . .      Faith    .   (no shield)
rNeg    + + +      Spirit   .   i - +0 scale mail
rPois   inf        Reflect  .   (no helmet)
rElec   .          Harm     .   (no cloak)
rCorr   .          Rampage  .   (no gloves)
Will    +....                   (no boots)
Stlth   +.........              (no amulet)
HPRegen 0.00/turn               a - ring of willpower
MPRegen 0.10/turn               (no ring)

@: inhibited regen
A: claws 1, cold resistance 1, negative energy resistance 3, inhibited
regeneration, torment resistance 2, devour on kill
a: no special abilities


You were on level 3 of the Dungeon.
You visited 1 branch of the dungeon, and saw 3 of its levels.

You collected 55 gold pieces.


Innate Abilities, Weirdness & Mutations

You are immune to poison.
You have sharp fingernails.
Your flesh is cold resistant. (rC+)
You are immune to negative energy. (rN+++)
You do not regenerate when monsters are visible.
You are immune to unholy pain and torment.
You thrive by killing the living.


   Skills:
 - Level 2.0 Fighting
 - Level 0.8 Short Blades
 - Level 1.7 Dodging
 - Level 3.2 Stealth
 + Level 5.2 Unarmed Combat
 - Level 1.7 Spellcasting
 - Level 2.4 Hexes


You had 7 spell levels left.
You didn't know any spells.
Your spell library contained the following spells:

 Spells                   Type           Power      Damage    Failure   Level
 Ensorcelled Hibernation  Hex/Ice        6%         N/A       80%         2
 Confusing Touch          Hex            5%         N/A       85%         3
 Tukima's Dance           Hex            5%         N/A       85%         3
 Dazzling Flash           Conj/Hex       6%         N/A       95%         3

Inventory:

Missiles
 c - 3 boomerangs (quivered)
Armour
 i - a +0 scale mail (worn)
Jewellery
 a - a ring of willpower (left claw)
Scrolls
 b - a scroll of identify
Potions
 d - a potion of lignification {unknown}
 e - a potion of haste {unknown}
 f - a potion of might {unknown}

Dungeon Overview and Level Annotations

Branches:
Dungeon (3/15)

Altars:
Xom


Message History

The bat hits you.
The hobgoblin hits you but does no damage.
You scratch the hobgoblin.
The hobgoblin is heavily wounded.
The bat barely misses you. The hobgoblin hits you.
3295 ||| Stepping ~*~*~tactically~*~*~ (outnumbered).
The bat hits you but does no damage. The hobgoblin closely misses you.
3296 ||| Stepping ~*~*~tactically~*~*~ (outnumbered).
The gnoll attacks as you move away! The gnoll hits you with a +0 whip.
You scratch the hobgoblin.
You kill the hobgoblin!
The bat barely misses you. The gnoll barely misses you.
You claw the gnoll!
The gnoll is severely wounded.
The bat barely misses you. The ball python bites you.
The ball python grabs you. The ball python constricts you.
The gnoll hits you with a +0 whip. The bat barely misses you.
You scratch the ball python.
You kill the ball python!
You feel better. The bat hits you but does no damage.
You claw the gnoll!
You kill the gnoll!
The bat barely misses you.
The gnoll hits you from afar with a +0 spear.
The bat hits you but does no damage. The gnoll hits you with a +0 spear.
The gnoll hits you from afar with a +0 spear.
The gnoll misses you.
You barely miss the gnoll. The bat closely misses you.
The gnoll hits you from afar with a +0 spear.
The gnoll barely misses you.
You scratch the gnoll.
The gnoll is lightly wounded.
The bat barely misses you. The gnoll hits you with a +0 spear.
The gnoll barely misses you. The gnoll hits you with a +0 halberd.
You closely miss the gnoll.
The gnoll is lightly wounded.
The bat hits you. The gnoll hits you with a +0 spear.
You die...

########.#..
######################........###
......(................>.........
######################..#########
# #..# # #..# # ########..# #
#..)......# # #g@%......# #
#gb.......# # #.g.......#
.......?.....# ...........!.#
..............# ..............#
.......!......# ..............


You could see 3 gnolls and a bat.

Vanquished Creatures
  11 gnolls
  An adder (D:2)
  2 worms (D:2)
  2 dart slugs
  8 endoplasms
  A giant cockroach (D:2)
  5 goblins
  8 hobgoblins
  3 quokkas
  7 ball pythons
  4 bats
  A frilled lizard (D:1)
  6 kobolds
  4 rats
63 creatures vanquished.

Vanquished Creatures (others)
  7 plants (D:2)
  8 withered plants (D:2)
15 creatures vanquished.

Grand Total: 78 creatures vanquished

Notes
Turn   | Place    | Note
-------+----------+-------------------------------------------
     0 | D:1      | qw the Ghoul Enchanter began the quest for the Orb.
     0 | D:1      | Reached XP level 1. HP: 14/14 MP: 2/2
     0 | D:1      | 0 ||| qw: Version: 0.1-a-103-gd6f5d3a
     0 | D:1      | 0 ||| qw: Game counter: 5759
     0 | D:1      | 0 ||| qw: Always use a shield: true
     0 | D:1      | 0 ||| qw: God list: Okawaru
     0 | D:1      | 0 ||| qw: Allow faded altars: false
     0 | D:1      | 0 ||| qw: Do Orc after D:15 true
     0 | D:1      | 0 ||| qw: Do second Lair branch before Depths: true
     0 | D:1      | 0 ||| qw: Lair rune preference: random
     0 | D:1      | 0 ||| qw: Plans: Normal
     0 | D:1      | 0 ||| PLANNING D:1-11
     1 | D:1      | 1 ||| DROPPING +1 dagger.
    55 | D:1      | 55 ||| Stepping ~*~*~tactically~*~*~ (stealth).
    63 | D:1      | Reached skill level 1 in Unarmed Combat
   545 | D:1      | Reached skill level 1 in Fighting
   545 | D:1      | Reached XP level 2. HP: 23/23 MP: 3/3
   597 | D:1      | 597 ||| Stepping ~*~*~tactically~*~*~ (outnumbered).
   985 | D:1      | Reached skill level 2 in Unarmed Combat
  1284 | D:1      | 1284 ||| UPGRADING to +0 ring mail.
  1294 | D:1      | 1294 ||| DROPPING +0 robe.
  1295 | D:1      | 1295 ||| UPGRADING to +0 scale mail.
  1305 | D:1      | 1305 ||| DROPPING +0 ring mail.
  1306 | D:1      | 1306 ||| READING 3 scrolls labelled LUMECUSOTH.
  1307 | D:1      | 1307 ||| READING 2 scrolls of identify.
  1307 | D:1      | 1307 ||| IDENTIFYING glowing red potion
  1308 | D:1      | 1308 ||| DROPPING 2 potions of invisibility.
  1309 | D:1      | 1309 ||| DROPPING potion of berserk rage.
  1474 | D:2      | 1474 ||| Stepping ~*~*~tactically~*~*~ (hiding).
  1480 | D:2      | Reached XP level 3. HP: 27/28 MP: 4/4
  1547 | D:2      | Reached skill level 3 in Unarmed Combat
  1596 | D:2      | 1596 ||| FLEEEEING.
  1597 | D:2      | 1597 ||| FLEEEEING.
  1604 | D:2      | 1604 ||| STAIRDANCE
  1737 | D:1      | 1737 ||| READING scroll labelled SUSOTU XONO.
  1738 | D:1      | 1738 ||| DRINKING 2 coppery potions.
  1739 | D:1      | 1739 ||| DROPPING potion of brilliance.
  1749 | D:2      | 1749 ||| Stepping ~*~*~tactically~*~*~ (hiding).
  1762 | D:2      | Reached XP level 4. HP: 25/35 MP: 5/5
  1913 | D:2      | 1913 ||| Stepping ~*~*~tactically~*~*~ (stealth).
  1917 | D:2      | 1917 ||| Stepping ~*~*~tactically~*~*~ (stealth).
  1957 | D:2      | 1957 ||| Stepping ~*~*~tactically~*~*~ (stealth).
  1958 | D:2      | 1958 ||| Stepping ~*~*~tactically~*~*~ (stealth).
  1977 | D:2      | 1977 ||| FLEEEEING.
  1978 | D:2      | 1978 ||| FLEEEEING.
  1979 | D:2      | 1979 ||| FLEEEEING.
  1980 | D:2      | 1980 ||| FLEEEEING.
  1981 | D:2      | 1981 ||| FLEEEEING.
  2054 | D:2      | 2054 ||| Stepping ~*~*~tactically~*~*~ (stealth).
  2084 | D:2      | Reached skill level 4 in Unarmed Combat
  2192 | D:2      | 2192 ||| Stepping ~*~*~tactically~*~*~ (stealth).
  2194 | D:2      | 2194 ||| Stepping ~*~*~tactically~*~*~ (hiding).
  2195 | D:2      | 2195 ||| Stepping ~*~*~tactically~*~*~ (hiding).
  2196 | D:2      | 2196 ||| Stepping ~*~*~tactically~*~*~ (hiding).
  2197 | D:2      | 2197 ||| Stepping ~*~*~tactically~*~*~ (hiding).
  2198 | D:2      | 2198 ||| Stepping ~*~*~tactically~*~*~ (hiding).
  2199 | D:2      | 2199 ||| Stepping ~*~*~tactically~*~*~ (hiding).
  2215 | D:2      | Reached XP level 5. HP: 17/41 MP: 6/6
  2414 | D:2      | Found a shimmering altar of Xom.
  2669 | D:2      | 2669 ||| Stepping ~*~*~tactically~*~*~ (stealth).
  2808 | D:2      | Found a faded altar of an unknown god.
  2863 | D:2      | 2863 ||| UPGRADING to ring of willpower.
  2864 | D:2      | 2864 ||| READING scroll labelled WUCKUD CUKKUODIC.
  2865 | D:2      | 2865 ||| READING scroll labelled XOK AHEOXZOKY.
  2890 | D:3      | 2890 ||| Stepping ~*~*~tactically~*~*~ (hiding).
  2934 | D:3      | 2934 ||| Stepping ~*~*~tactically~*~*~ (outnumbered).
  2935 | D:3      | 2935 ||| Stepping ~*~*~tactically~*~*~ (outnumbered).
  2936 | D:3      | 2936 ||| Stepping ~*~*~tactically~*~*~ (outnumbered).
  3084 | D:3      | Reached skill level 5 in Unarmed Combat
  3295 | D:3      | 3295 ||| Stepping ~*~*~tactically~*~*~ (outnumbered).
  3296 | D:3      | 3296 ||| Stepping ~*~*~tactically~*~*~ (outnumbered).
  3303 | D:3      | HP: 6/41 [gnoll/+0 halberd (5)]
  3304 | D:3      | Slain by a gnoll

Levels and vault maps discovered:
D:1:      lordsloth_arrival_two_stooges, layout_basic
D:2:      layout_loops_cross, shapermc_ecumenical_altar_flowoftime, basic_altar
D:3:      layout_basic, xom_teletrap_fun, tso_altar

Skill      XL: |  1  2  3  4  5 |
---------------+----------------+-----
Unarmed Combat | 1 2 3 4 5 |  5.2
Fighting       | 1 2 |  2.0
Short Blades   | |  0.8
Dodging        | |  1.7
Stealth        | |  3.2
Spellcasting   | |  1.7
Hexes          | |  2.4

Action                   |  1- 3 |  4- 6 || total
-------------------------+-------+-------++-------
Melee: Unarmed           |   101 |   129 ||   230
       Punch             |     1 |     2 ||     3
Throw: Javelin           |    14 |     3 ||    17
       Boomerang         |       |     3 ||     3
  Use: Scroll            |     3 |     2 ||     5
       Potion            |     1 |       ||     1
Armor: Robe              |    19 |       ||    19
       Scale mail        |     5 |    54 ||    59
Dodge: Dodged            |    43 |    64 ||   107

Table legend:
 A = Non-vault XP
 B = Vault XP
 C = Vault XP percentage of total XP
 D = Non-vault monster count
 E = Vault monster count
 F = Vault count percentage of total count
                 A         B        C        D         E       F
            +---------+---------+-------+---------+---------+-------
      Total |     267 |       0 |   0.0 |      63 |       0 |   0.0
            +---------+---------+-------+---------+---------+-------
        D:1 |      31 |       0 |   0.0 |      22 |       0 |   0.0
        D:2 |     164 |       0 |   0.0 |      29 |       0 |   0.0
        D:3 |      72 |       0 |   0.0 |      12 |       0 |   0.0
            +---------+---------+-------+---------+---------+-------
